 Dungeon Crawl Stone Soup version 0.28.0-53-g5a82cb258f (webtiles) character file.

Game seed: 12801245391260128330

3 jamesblauser the Grave Robber (level 1, -2/13 HPs)
             Began as a Demonspawn Necromancer on Nov 5, 2022.
             Slain by a gnoll
             ... wielding a +0 spear
              (4 damage)
             ... on level 1 of the Dungeon.
             The game lasted 00:01:10 (53 turns).

jamesblauser the Grave Robber (DsNe)                  Turns: 53, Time: 00:01:11

Health: -2/13      AC:  2    Str:  8    XL:     1   Next: 41%
Magic:  0/3        EV: 12    Int: 16    God:
Gold:   0          SH:  0    Dex: 13    Spells: 3/4 levels left

rFire   . . .      SeeInvis .   b - +0 dagger
rCold   . . .      Faith    .   (no shield)
rNeg    . . .      Spirit   .   a - +0 robe
rPois   .          Reflect  .   (no helmet)
rElec   .          Harm     .   (no cloak)
rCorr   .          Rampage  .   (no gloves)
Will    .....                   (no boots)
Stlth   ++........              (no amulet)
HPRegen 0.04/turn               (no ring)
MPRegen 0.08/turn               (no ring)

@: no status effects
A: no striking features
a: no special abilities


You were on level 1 of the Dungeon.
You visited 1 branch of the dungeon, and saw 1 of its levels.

Inventory:

Hand Weapons
 b - a +0 dagger (weapon)
Armour
 a - a +0 robe (worn)


   Skills:
 + Level 1.7 Dodging
 + Level 1.7 Stealth
 + Level 2.0 Spellcasting
 + Level 4.5 Necromancy


You had 3 spell levels left.
You knew the following spells:

 Your Spells              Type           Power      Damage    Failure   Level
a - Pain                  Necr           64%        1d7       3%          1

Your spell library contained the following spells:

 Spells                   Type           Power      Damage    Failure   Level
 Animate Skeleton         Necr           32%        N/A       3%          1
 Vampiric Draining        Necr           16%        2d7       10%         3
 Animate Dead             Necr           8%         N/A       30%         4
 Agony                    Necr           16%        N/A       65%         5


Dungeon Overview and Level Annotations

Branches:
Dungeon (1/15)

Altars:


Message History

a +0 dagger; a goblin corpse
b - a +0 dagger
b - a +0 dagger (weapon)
A kobold and a hobgoblin come into view.
Found 21 sling bullets.
The kobold shouts!
The hobgoblin shouts!
An endoplasm comes into view.
Aiming: Pain (safe; 3% risk of failure)
Press: ? - help, Q - select action Shift-Dir - straight line, f - hobgoblin
Aim: a hobgoblin (chance to affect: 86%)
The hobgoblin writhes in agony.
You kill the hobgoblin!
The endoplasm quivers.
A gnoll comes into view. It is wielding a +0 spear.
The endoplasm jiggles.
Aiming: Pain (safe; 3% risk of failure)
Press: ? - help, Q - select action Shift-Dir - straight line, f - kobold
Aim: a kobold, wielding a +0 short sword and quivering stones (chance to affect: 86%)
The kobold writhes in agony.
The gnoll shouts!
A giant cockroach comes into view.
You don't have enough magic to cast this spell.
You don't have enough magic to cast this spell.
The kobold barely misses you.
You hit the kobold but do no damage.
The kobold is moderately wounded.
A rat comes into view.
The kobold hits you with a +0 short sword.
The endoplasm misses you.
The kobold throws a stone.
The stone hits you.
Aiming: Pain (safe; 3% risk of failure)
Press: ? - help, Q - select action Shift-Dir - straight line, f - giant cockroach, p - kobold
Aim: a giant cockroach (chance to affect: 86%)
The giant cockroach writhes in agony.
The giant cockroach bites you but does no damage.
The endoplasm hits you but does no damage.
The gnoll hits you from afar with a +0 spear.
* * * LOW HITPOINT WARNING * * *
The giant cockroach misses you.
The gnoll hits you from afar with a +0 spear.
You die...

.... .# ...(. .#
..... .# ### ......
.#..# .. ####..†...
#...# #.##..r......
#...# #.#K.g..# #..#
#..JB#### #..#
##.@.# ...# ####...#
...#########....###
.#.........#.####
.#...........#######
.#..................
.#.......†.#########
.#.........#
#..........#


You could see a gnoll, an endoplasm, a giant cockroach, a kobold and a rat.

Vanquished Creatures
  A goblin (D:1)
  A hobgoblin (D:1)
  A frilled lizard (D:1)
3 creatures vanquished.

Notes
Turn   | Place    | Note
-------+----------+-------------------------------------------
     0 | D:1      | jamesblauser the Demonspawn Necromancer began the quest for
                  | the Orb.
     0 | D:1      | Reached XP level 1. HP: 13/13 MP: 3/3
    53 | D:1      | Slain by a gnoll

Illustrated notes

Levels and vault maps discovered:
D:1:      ebering_trefoil_3fold, layout_rooms, minmay_misc_feat_more_columns

Action                   || total
-------------------------++-------
Melee: Dagger            ||     1
 Cast: Pain              ||     5
Armor: Robe              ||     2
Dodge: Dodged            ||     3
